 Dungeon Crawl Stone Soup version 0.14-a0-1007-gacdcbbe (webtiles) character file.

171 PolkaDot the Ruinous (level 4, -11/30 HPs)
             Began as a Vampire Conjurer on Nov 22, 2013.
             Mangled by Terence
             ... wielding a +0,+0 morningstar
              (20 damage)
             ... on Level 3 of the Dungeon.
             The game lasted 00:05:28 (1888 turns).

PolkaDot the Ruinous (Vampire Conjurer)             Turns: 1888, Time: 00:05:28

HP -11/30        AC  2     Str  7      XL: 4   Next: 50%
MP   0/8         EV 12     Int 18      God:
Gold 69          SH  0     Dex 14      Spells:  2 memorised,  3 levels left

Res.Fire  : . . .   See Invis. : +   f - +1,+0 elf spear
Res.Cold  : . . .   Warding    : .   a - +0 robe
Life Prot.: . . .   Conserve   : .   (no shield)
Res.Poison: .       Res.Corr.  : .   (no helmet)
Res.Elec. : .       Clarity    : .   (no cloak)
Sust.Abil.: . .     Spirit.Shd : .   (no gloves)
Res.Mut.  : .       Stasis     : .   (no boots)
Res.Rott. : .       Flight     : .   (no amulet)
Saprovore : . . .                    (no ring)
                                     (no ring)

@: regenerating quickly, slightly resistant to hostile enchantments, stealthy
A: fangs 3, see invisible, unbreathing
a: no special abilities


You were on level 3 of the Dungeon.
You were very full.

You visited 1 branch of the dungeon, and saw 3 of its levels.

You collected 69 gold pieces.

Inventory:

Hand weapons
 f - a +1,+0 elven spear (weapon)
Armour
 a - a +0 robe (worn)
Scrolls
 b - a scroll of enchant armour {unknown}
 d - 5 scrolls of identify {unknown}
 e - a scroll of enchant weapon II {unknown}
 g - a scroll of fog {unknown}
 l - a scroll of amnesia {unknown}
 m - a scroll of blinking {unknown}
Jewellery
 k - an uncursed ring of poison resistance {unknown}
Books
 c - a book of Conjurations

   Spells                             Type                      Level
   *Magic Dart                        Conjuration                  1
   *Searing Ray                       Conjuration                  2
   Dazzling Spray                     Conjuration/Hexes            3
   Iskenderun's Mystic Blast          Conjuration                  4
   Iskenderun's Battlesphere          Conjuration/Charms           4
   Fulminant Prism                    Conjuration/Hexes            5


   Skills:
 - Level 2.1 Dodging
 - Level 3.0 Stealth
 * Level 1.8 Spellcasting
 + Level 4.2 Conjurations


You had 3 spell levels left.
You knew the following spells:

 Your Spells              Type           Power        Failure   Level  Hunger
a - Magic Dart            Conj           ###.         3%          1    #......
s - Searing Ray           Conj           ###...       6%          2    ###....


Dungeon Overview and Level Annotations

Branches:
Dungeon (3/16)

Altars:

Annotations:
D:3 Terence


Innate Abilities, Weirdness & Mutations

Your natural rate of healing is unusually fast.
You have razor-sharp teeth.*
You have supernaturally acute eyesight.
You can survive without breathing.*


Message History

The searing ray hits Terence.
Terence is heavily wounded.
Terence screams, "I want your blood!" Terence hits you with a morningstar.
* * * LOW HITPOINT WARNING * * *
The searing ray hits Terence.
Terence is heavily wounded.
Terence shouts, "Get ready for death!"
Terence misses you.
The searing ray hits Terence.
Terence is severely wounded.
Terence misses you.
The searing ray hits Terence.
Terence is almost dead.
* * * LOW MAGIC WARNING * * *
You barely miss Terence.
Terence is almost dead.
Terence hits you with a morningstar!
Ouch! That really hurt!
You die...

####
...#
...#
###%..#
#<@...#
###@..#
...#
#.## .#
##


You could see Terence.

Vanquished Creatures
  Jessica (D:2)
  2 adders (D:2)
  2 giant mites (D:1)
  2 worms (D:2)
  4 bats
  4 giant cockroaches (D:2)
  7 goblins
  4 hobgoblins (D:1)
  A quokka (D:2)
  2 ball pythons (D:2)
  2 giant geckos (D:2)
  6 kobolds
  5 rats
42 creatures vanquished.

Notes
Turn   | Place    | Note
--------------------------------------------------------------
     0 | D:1      | PolkaDot, the Vampire Conjurer, began the quest for the Orb.
     0 | D:1      | Reached XP level 1. HP: 13/13 MP: 4/4
   195 | D:1      | Reached XP level 2. HP: 19/19 MP: 0/5
   650 | D:1      | Reached XP level 3. HP: 24/24 MP: 2/6
  1132 | D:2      | Learned a level 2 spell: Searing Ray
  1144 | D:2      | Reached skill level 4 in Conjurations
  1404 | D:2      | Reached XP level 4. HP: 30/30 MP: 2/8
  1488 | D:2      | Noticed Jessica
  1493 | D:2      | Killed Jessica
  1859 | D:3      | Noticed Terence
  1888 | D:3      | Mangled by Terence

Action                   |  1- 3 |  4- 6 || total
-------------------------+-------+-------++-------
Melee: Unarmed           |    12 |       ||    12
       Spear             |    45 |    71 ||   116
 Cast: Magic Dart        |    37 |       ||    37
       Searing Ray       |     3 |     3 ||     6
  Use: Potion            |     1 |     7 ||     8
 Stab: Sleeping          |     2 |     2 ||     4
